 Dungeon Crawl Stone Soup version 0.21.1-1-g345015f (webtiles) character file.

75 unrecovered the Shield-Bearer (level 3, 0/31 HPs)
             Began as a Demigod Fighter on July 8, 2018.
             Succumbed to an adder's poison
             ... on level 2 of the Dungeon.
             The game lasted 00:02:49 (1311 turns).

unrecovered the Shield-Bearer (Demigod Fighter)     Turns: 1311, Time: 00:02:50

Health: 0/31       AC:  6    Str: 26    XL:     3   Next: 88%
Magic:  5/5        EV:  7    Int:  8    God:
Gold:   53         SH: 10    Dex: 15    Spells: 2/2 levels left

rFire    . . .     SeeInvis .   a - +0 long sword
rCold    . . .     Gourm    .   c - +0 shield
rNeg     . . .     Faith    .   b - +0 scale mail
rPois    .         Spirit   .   (helmet restricted)
rElec    .         Reflect  .   (no cloak)
rCorr    .         Harm     .   (no gloves)
MR       .....                  (no boots)
Stlth    ..........             (no amulet)
HPRegen  0.10/turn              e - -4 ring of intelligence (curse)
MPRegen  0.09/turn              (no ring)

@: mighty, lethally poisoned (0 -> -8)
A: antennae 1, high mp 1, mutation resistance 1, MP-powered wands
a: no special abilities


You were on level 2 of the Dungeon.
You were hungry.

You visited 1 branch of the dungeon, and saw 2 of its levels.

You collected 53 gold pieces.

Inventory:

Hand Weapons
 a - a +0 long sword (weapon)
Missiles
 j - 8 javelins of penetration (quivered)
Armour
 b - a +0 scale mail (worn)
 c - a +0 shield (worn)
Jewellery
 e - a cursed -4 ring of intelligence (left hand)
Scrolls
 g - 3 scrolls of identify
 h - 2 scrolls of teleportation {unknown}
 k - a scroll of noise
 m - a scroll of fear {unknown}
 n - a scroll of remove curse {unknown}
Comestibles
 f - 4 rations


   Skills:
 + Level 3.2 Fighting
 + Level 2.5 Long Blades
 + Level 3.2 Armour
 + Level 3.2 Shields


You had 2 spell levels left.
You didn't know any spells.

Dungeon Overview and Level Annotations

Branches:
Dungeon (2/15)


Innate Abilities, Weirdness & Mutations

You have an increased reservoir of magic. (+10% MP)
You have a pair of small antennae on your head.
You are somewhat resistant to further mutation.
You expend magic power (3 MP) to strengthen your wands.


Message History

You closely miss the adder.
The adder is moderately wounded.
The adder bites you.
* * * LOW HITPOINT WARNING * * *
You are more poisoned.
The adder poisons you!
You closely miss the adder.
The adder is moderately wounded.
* * * LOW HITPOINT WARNING * * *
You feel sick. You block the adder's attack.
The adder bites you but does no damage.
Okay, then.
As you read the scroll labeled BOSOIXZ KAISH, it crumbles to dust.
It is a scroll of identify.
k - a scroll of noise
* * * LOW HITPOINT WARNING * * *
You feel sick. You block the adder's attack.
You slash the adder!
You kill the adder!
You die...

#<........## ##..
#..........# #...
##.^......#)### ###..#
#.........#...####...##
#...........#..##..#.#
#..########.##....#..#
##..............##..##
#..######..###.##.##
#..K.@(....# #.##.#
#..o####...# #.##.#
##.{......## #.. .#
#...##...# ##. ##
#.$..).......# .#
#......####.. .#
#....... .# #.....###
#......


You could see an orc and a kobold.

Vanquished Creatures
  2 adders (D:2)
  A worm (D:2)
  A dart slug (D:1)
  3 leopard geckos (D:2)
  An orc (D:2)
  A ball python (D:2)
  2 giant cockroaches
  6 goblins
  4 hobgoblins
  3 jackals (D:1)
  7 bats
  3 frilled lizards (D:2)
  6 kobolds
  7 rats (D:2)
47 creatures vanquished.

Notes
Turn   | Place    | Note
-------+----------+-------------------------------------------
     0 | D:1      | unrecovered the Demigod Fighter began the quest for the Orb.
     0 | D:1      | Reached XP level 1. HP: 18/18 MP: 3/3
   250 | D:1      | Reached XP level 2. HP: 20/25 MP: 4/4
   596 | D:2      | Reached XP level 3. HP: 10/31 MP: 5/5
  1009 | D:2      | Found a sparkling altar of Nemelex Xobeh.
  1058 | D:2      | Found a sparkling altar of Nemelex Xobeh.
  1153 | D:2      | Found a glowing silver altar of Zin.
  1306 | D:2      | Gained mutation: You have a pair of small antennae on your head. [potion of mutation]
  1306 | D:2      | Gained mutation: You expend magic power (3 MP) to strengthen your wands. [potion of mutation]
  1306 | D:2      | Gained mutation: You are somewhat resistant to further mutation. [potion of mutation]
  1310 | D:2      | HP: 1/31 [poisoned by an adder]
  1311 | D:2      | Succumbed to an adder's poison

Skill      XL: |  1  2 |
---------------+-------+-----
Long Blades    | 2 |  2.5
Armour         | 3 |  3.2
Shields        | 3 |  3.2
Fighting       | 3 |  3.2

Action                   || total
-------------------------++-------
Melee: Long sword        ||   159
  Use: Potion            ||     2
       Scroll            ||     1
  Eat: Chunk             ||     1
Armor: Scale mail        ||    67
Dodge: Dodged            ||    44
Block: Shield            ||    91
       Rpst.: Long sword ||    13
